Map: 해비테이션 스테이션 - 래더 (공허의 유산)

Players

Dark - Winner!

  • Race: Zerg Zerg
  • Spawn Location: 11:00

INnoVation

  • Race: Terran Terran
  • Spawn Location: 1:00

Event: IEM Season 11 - Gyeonggi

VOD

https://youtu.be/9NaIBz5Slu0

Description

Time

  • Played on: Dec. 16, 2016, 12:28 a.m.
  • Length: 13:21

All games in this series

Show
View Real Time Build Order
Export as new Build Order

Dark Zerg - Winner!

Build Orders: Pool First 

Get SALT Encoding   

  12  0:00  Drone  
  13  0:13  Overlord  
  13  0:16  Drone  
  14  0:32  Drone x2  
  16  0:39  Drone  
  17  0:46  Extractor  
  17  0:48  Drone  
  17  0:54  Spawning Pool  
  16  0:57  Drone  
  17  1:08  Drone  
  18  1:19  Hatchery  
  18  1:23  Drone  
  18  1:28  Drone  
  19  1:40  Queen  
  19  1:42  Zergling x2  
  22  1:48  Metabolic Boost  
  22  2:01  Overlord  
  22  2:19  Queen  
  22  2:20  Drone x2  
  26  2:27  Drone  
  27  2:31  Queen  
  27  2:34  Drone x2  
  31  2:45  Overlord  
  31  2:48  Drone  
  31  2:49  Drone x3  
  35  2:57  Drone  
  36  3:01  Overlord  
  36  3:05  Drone  
  37  3:08  Queen  
  37  3:11  Zergling x2  
  40  3:14  Zergling x2  
  41  3:23  Drone  
  42  3:30  Drone  
  42  3:31  Drone x2  
  42  3:33  Drone x2  
  46  3:35  Extractor  
  46  3:37  Zergling x2  
  46  3:39  Overlord  
  46  3:40  Roach Warren  
  46  3:41  Overlord  
  45  3:42  Drone  
  45  3:43  Queen  
  49  3:57  Hatchery  
  49  4:01  Extractor x2  
  49  4:02  Drone x2  
  48  4:03  Drone x2  
  50  4:17  Overlord  
  50  4:22  Roach  
  50  4:23  Roach x5  
  61  4:29  Roach  
  61  4:31  Drone  
  63  4:33  Drone x2  
  63  4:34  Extractor  
  64  4:43  Ravager x3  
  64  4:45  Overlord  
  67  4:47  Drone  
  68  4:56  Roach x3, Zergling x2  
  75  5:05  Overlord  
  75  5:06  Drone x2  
  77  5:10  Overlord  
  77  5:11  Drone  
  77  5:12  Lair  
  78  5:17  Drone  
  78  5:19  Ravager  
  78  5:21  Drone  
  81  5:27  Drone x3  
  84  5:28  Queen  
  84  5:30  Drone x3  
  84  5:33  Roach  
  91  5:38  Roach x2  
  91  5:41  Roach  
  97  5:44  Overlord  
  97  5:47  Overlord  
  97  5:49  Overlord  
  85  6:04  Zergling x2  
  85  6:05  Zergling x8  
  85  6:10  Drone x7  
  90  6:14  Drone  
  90  6:16  Drone  
  92  6:21  Glial Reconstitution  
  92  6:24  Drone x2  
  92  6:25  Evolution Chamber  
  93  6:27  Infestation Pit  
  93  6:32  Drone x2  
  94  6:35  Drone  
  94  6:36  Drone  
  94  6:37  Extractor  
  94  6:38  Burrow, Extractor  
  94  6:42  Ravager x3  
  94  6:43  Drone  
  94  6:45  Drone x3  
  94  6:46  Drone  
  102  6:50  Drone  
  102  6:51  Drone x3  
  106  6:55  Zerg Missile Weapons Level 1  
  106  6:57  Evolution Chamber  
  105  7:02  Roach x3, Hatchery  
  110  7:08  Hive  
  110  7:09  Infestor  
  110  7:12  Infestor  
  115  7:22  Ravager  
  115  7:23  Zerg Ground Armor Level 1  
  115  7:24  Overlord  
  115  7:25  Drone x4  
  115  7:26  Drone x2  
  115  7:27  Drone  
  115  7:29  Overlord  
  122  7:30  Overlord  
  122  7:32  Overseer  
  122  7:37  Extractor  
  121  7:38  Overlord x2  
  121  7:44  Overlord  
  121  7:48  Overlord  
  121  7:50  Drone x2  
  121  7:51  Roach x5  
  131  7:56  Tunneling Claws  
  131  7:59  Roach x2  
  131  8:04  Roach x2  
  139  8:06  Roach  
  139  8:08  Queen  
  139  8:11  Roach  
  145  8:18  Roach x2  
  149  8:21  Viper x2  
  149  8:25  Roach  
  149  8:27  Overlord  
  157  8:28  Overlord  
  157  8:34  Roach x3, Overlord  
  163  8:35  Roach x2  
  163  8:37  Overlord  
  163  8:40  Overlord x2  
  167  8:42  Roach x2  
  167  8:45  Roach x2  
  167  8:46  Roach  
  167  8:47  Roach x2  
  170  8:52  Roach  
  170  8:53  Roach  
  169  8:55  Roach  
  169  8:56  Roach  
  169  8:58  Roach x2  
  169  8:59  Roach x2  
  175  9:05  Roach  
  175  9:07  Drone  
  175  9:08  Drone  
  175  9:09  Queen  
  175  9:10  Extractor  
  175  9:15  Zerg Missile Weapons Level 2  
  174  9:18  Drone  
  174  9:19  Zerg Ground Armor Level 2, Hydralisk Den  
  174  9:22  Roach x2  
  174  9:24  Roach x2  
  178  9:29  Roach  
  178  9:30  Roach x2  
  184  9:32  Roach x7  
  184  9:38  Viper  
  184  9:39  Roach x3  
  184  9:41  Hatchery  
  192  9:48  Roach x3  
  194  9:55  Muscular Augments  
  194  10:08  Roach x3  
  198  10:26  Roach  
  198  10:28  Roach x2  
  190  10:36  Overlord  
  190  10:38  Hydralisk x5  
  200  11:00  Roach x3  
  200  11:08  Hatchery  
  174  11:31  Roach x16  
  165  11:35  Roach  
  165  11:36  Roach x3  
  165  11:37  Roach x2  
  165  11:38  Roach  
  165  11:39  Hydralisk, Roach x13  
  191  11:46  Hydralisk  
  191  11:47  Hydralisk x2  
  191  11:51  Ravager  
  191  11:54  Roach, Spine Crawler  
  197  11:55  Pneumatized Carapace  
  197  11:57  Spine Crawler  
  197  12:01  Roach  
  200  12:12  Drone x5  
  200  12:13  Hydralisk x9  
  200  12:14  Hydralisk x4  
  200  12:16  Roach  
  200  12:17  Drone  
  200  12:19  Roach x2  
  161  13:00  Roach x2  
  161  13:01  Roach x7  
Show
View Real Time Build Order
Export as new Build Order

INnoVation Terran 

Build Orders: Hellion Opening, Reaper Expand 

Get SALT Encoding   

  12  0:00  SCV  
  13  0:12  SCV  
  14  0:17  Supply Depot  
  14  0:25  SCV  
  15  0:28  Refinery  
  15  0:38  SCV  
  16  0:44  Barracks  
  16  0:50  SCV  
  17  1:02  SCV  
  18  1:14  SCV  
  19  1:30  Orbital Command  
  19  1:31  Reaper  
  20  1:41  Command Center  
  20  1:53  Factory  
  20  1:55  SCV  
  21  2:05  Barracks Reactor  
  21  2:08  SCV  
  22  2:12  Supply Depot  
  22  2:13  Refinery  
  22  2:20  SCV  
  23  2:34  SCV  
  24  2:40  Factory  
  28  2:44  Hellion x2  
  28  2:46  SCV  
  28  2:50  Barracks Reactor  
  29  2:54  Orbital Command  
  29  2:58  SCV  
  32  3:05  Hellion  
  32  3:07  Hellion  
  32  3:10  SCV  
  35  3:17  Supply Depot  
  35  3:19  SCV  
  36  3:22  SCV  
  37  3:33  Cyclone  
  39  3:36  Cyclone  
  39  3:39  SCV  
  39  3:41  SCV  
  44  3:49  Hellion x2  
  44  3:55  SCV, Supply Depot  
  49  3:56  SCV  
  50  4:07  SCV  
  50  4:08  Supply Depot  
  50  4:09  SCV  
  52  4:16  Cyclone x2  
  58  4:21  SCV  
  58  4:22  SCV  
  60  4:35  SCV x2  
  60  4:37  Supply Depot  
  62  4:40  Cyclone  
  62  4:42  Cyclone  
  68  4:47  Supply Depot  
  68  4:48  SCV x2  
  70  4:58  Armory  
  70  5:00  SCV x2  
  70  5:05  Hellion x2  
  76  5:08  Supply Depot  
  76  5:12  SCV  
  76  5:13  SCV  
  80  5:14  Hellion  
  80  5:15  Hellion  
  82  5:24  SCV  
  82  5:25  SCV  
  84  5:30  Command Center  
  84  5:34  Refinery  
  84  5:35  Refinery  
  84  5:41  SCV  
  85  5:45  Supply Depot  
  85  5:47  Terran Vehicle Weapons Level 1  
  85  5:50  Hellion  
  85  5:51  Hellion  
  85  5:54  Cyclone  
  89  5:57  Cyclone  
  89  5:59  SCV x2  
  76  6:13  Hellion x2  
  76  6:14  SCV x2  
  76  6:17  Supply Depot  
  82  6:26  SCV x2  
  82  6:27  Supply Depot, Cyclone  
  87  6:38  SCV x2  
  89  6:45  Hellion, Cyclone x2  
  97  6:50  SCV x2  
  99  6:57  Refinery  
  99  6:59  Hellion  
  99  7:00  Refinery  
  101  7:03  SCV x2  
  103  7:10  Factory, Orbital Command  
  103  7:11  Factory x2  
  101  7:15  SCV  
  101  7:16  SCV  
  101  7:17  Hellion x2  
  107  7:23  Cyclone  
  107  7:24  Cyclone  
  107  7:28  SCV x2  
  115  7:33  Supply Depot  
  115  7:37  Armory  
  115  7:40  Hellion, SCV  
  115  7:41  Hellion, SCV x2  
  122  7:44  Terran Vehicle Weapons Level 2  
  122  7:52  SCV, Engineering Bay  
  122  7:53  SCV x2  
  122  7:56  Factory Tech Lab x3  
  125  8:04  SCV  
  126  8:07  SCV x2  
  126  8:10  Supply Depot  
  128  8:14  Siege Tank x3  
  128  8:16  SCV  
  138  8:20  Infernal Pre-Igniter  
  138  8:25  Missile Turret  
  138  8:26  Hellion  
  140  8:31  Hellion x3  
  140  8:34  Supply Depot x2  
  146  8:39  Terran Vehicle And Ship Armor Level 1  
  140  8:55  Siege Tank x3  
  136  8:56  Hellion x4  
  138  9:05  Supply Depot  
  138  9:08  Missile Turret  
  138  9:14  Command Center  
  138  9:20  Cyclone x3  
  138  9:22  Cyclone  
  150  9:32  Siege Tank x2  
  150  9:38  Supply Depot  
  156  9:39  Supply Depot  
  156  9:42  Siege Tank  
  160  9:56  Hellbat x4  
  159  10:09  Siege Tank x2  
  165  10:14  Siege Tank  
  154  10:22  Hellbat  
  154  10:23  Hellbat x3  
  154  10:24  SCV x2  
  154  10:25  SCV  
  161  10:29  Planetary Fortress  
  157  10:38  Refinery x2  
  157  10:40  Missile Turret  
  157  10:41  Siege Tank x2  
  163  10:46  Siege Tank  
  166  10:50  Hellbat x2  
  166  10:53  Hellbat  
  172  11:04  Terran Vehicle And Ship Armor Level 2  
  172  11:14  Command Center  
  172  11:20  Siege Tank x2  
  172  11:23  Hellbat x2  
  149  11:26  Hellbat  
  149  11:28  Siege Tank  
  149  11:32  Hellion x3  
  112  11:41  Cyclone  
  112  11:44  Cyclone  
  112  11:45  Cyclone  
  112  11:47  SCV x3  
  123  11:50  Cyclone  
  123  11:52  Siege Tank  
  130  11:54  Siege Tank  
  133  12:08  Siege Tank  
  113  12:16  Cyclone  
  113  12:17  Hellbat, Cyclone  
  113  12:22  Hellbat  
  115  12:24  Siege Tank  
  115  12:25  Sensor Tower  
  115  12:27  Siege Tank  
  118  12:30  SCV x3  
  120  12:38  Hellbat  
  120  12:40  Siege Tank  
  120  12:43  Hellbat  
  127  12:48  Hellbat  
  127  12:49  Hellbat  

Tags
 
Add a new tag
Caveats
  • Supply blocks, unpowered buildings, or Contaminate may cause inaccurate times.
  • Supply counts are checked every 10 seconds.